 Dungeon Crawl Stone Soup version 0.27.1-33-g824d729ab1 (webtiles) character file.

Game seed: 18326439081601969909

223904 belegose the Spry (level 20, -10/122 HPs)
             Began as a Kobold Brigand on Dec 1, 2021.
             Was an Initiate of Gozag.
             Mangled by an ironbound frostheart (11 damage)
             ... led by a vault warden
             ... on level 1 of the Vaults on Dec 2, 2021.
             The game lasted 04:38:45 (61721 turns).

belegose the Spry (Kobold Brigand)                 Turns: 61721, Time: 04:38:46

Health: -10/122    AC: 19    Str: 13    XL:     20   Next: 5%
Magic:  25/30      EV: 22    Int: 17    God:    Gozag
Gold:   4113       SH:  9    Dex: 23    Spells: 16/33 levels left

rFire    x . .     SeeInvis +   a - +1 dagger (venom)
rCold    + + .     Faith    .   i - +2 buckler of Defence {rN+ Dex+5}
rNeg     + . .     Spirit   .   g - +1 scale mail of Compression {rElec rPois}
rPois    +         Reflect  .   o - +0 mask of the Dragon {Will+ Slay+3 SInv}
rElec    +         Harm     .   p - scarf {repulsion}
rCorr    .         Rampage  +   c - +2 pair of gloves {archery}
Will     ++...                  Y - +2 pair of boots {rampage}
Stlth    +++++.....             R - amulet of Giplasir {Acrobat rC+ Int+2}
HPRegen  0.30/turn              U - ring of Yckuson {AC+4 Slay+3}
MPRegen  0.22/turn              T - ring of ice

@: studying Short Blades, repel missiles
A: small, no large weapons, nightstalker 3
}: 1/15 runes: serpentine
a: Renounce Religion, Potion Petition, Call Merchant, Bribe Branch


You were on level 1 of the Vaults.
You worshipped Gozag.
Gozag was most pleased with you.
You visited 7 branches of the dungeon, and saw 32 of its levels.
You also visited: Sewer, Ossuary, Gauntlet and Volcano.

You collected 12675 gold pieces.
You spent 7295 gold pieces at shops.
You paid 1267 gold pieces to Gozag.

Inventory:

Hand Weapons
 a - a +1 dagger of venom (weapon)
 b - a +1 scimitar of flaming
 w - the +6 hunting sling of Voizeet {vorpal, rElec Will+ Stlth+}
   (You found it on level 3 of the Lair of Beasts)

   Any ammunition fired from it inflicts extra damage upon your enemies.
   rElec:     It insulates you from electricity.
   Will:      It increases your willpower.
   Stlth:     It makes you more stealthy.
Missiles
 d - 113 poisoned darts (quivered)
 m - 48 boomerangs
 q - 2 throwing nets
 P - 186 sling bullets
Armour
 c - a +2 pair of gloves of archery (worn)
 g - the +1 scale mail of Compression (worn) {rElec rPois}
   (You bought it in a shop on level 9 of the Dungeon)

   rElec:     It insulates you from electricity.
   rPois:     It protects you from poison.
 i - the +2 buckler of Defence (worn) {rN+ Dex+5}
   (You acquired it on level 2 of the Orcish Mines)

   Dex:       It affects your dexterity (+5).
   rN:        It protects you from negative energy.
 o - the +0 mask of the Dragon (worn) {Will+ Slay+3 SInv}
   (You bought it in a shop on level 2 of the Orcish Mines)

   Slay:      It affects your accuracy & damage with ranged weapons and melee
   (+3).
   SInv:      It lets you see invisible.
   Will:      It increases your willpower.
 p - a scarf of repulsion (worn)
 Y - a +2 pair of boots of rampaging (worn)
Jewellery
 f - the ring "Ereisi" {rF+ Dex+8}
   (You took it off a tengu warrior on level 13 of the Dungeon)

   [ring of protection from fire]

   Dex:       It affects your dexterity (+8).
   rF:        It protects you from fire.
 l - the ring "Eliotul" {Wiz *Corrode Will+ Int+4}
   (You found it on level 1 of the Snake Pit)

   [ring of wizardry]

   It improves your spell success rate.
   Int:       It affects your intelligence (+4).
   *Corrode:  It may corrode you when you take damage.
   Will:      It increases your willpower.
 A - the ring of Simouz {rF+ AC+4}
   (You found it on level 4 of the Dungeon)

   [ring of protection]

   AC:        It affects your AC (+4).
   rF:        It protects you from fire.
 H - a ring of resist corrosion
 R - the amulet of Giplasir (around neck) {Acrobat rC+ Int+2}
   (You found it in a Gauntlet)

   [amulet of the acrobat]

   It increases your evasion while moving and waiting.
   Int:       It affects your intelligence (+2).
   rC:        It protects you from cold.
 T - a ring of ice (right hand)
 U - the ring of Yckuson (left hand) {AC+4 Slay+3}
   (You bought it in a shop on level 2 of the Orcish Mines)

   [ring of protection]

   AC:        It affects your AC (+4).
   Slay:      It affects your accuracy & damage with ranged weapons and melee
   (+3).
Wands
 y - a wand of flame (68)
 C - a wand of iceblast (37)
 J - a wand of charming (12)
 M - a wand of mindburst (34)
 S - a wand of acid (42)
 V - a wand of digging (25)
Scrolls
 j - a scroll of acquirement
 k - 7 scrolls of magic mapping
 n - 15 scrolls of teleportation
 B - 2 scrolls of summoning
 D - 4 scrolls of blinking
 F - a scroll of enchant weapon
 G - a scroll of silence
 I - 6 scrolls of fear
 K - 15 scrolls of identify
 Z - 5 scrolls of fog
Potions
 h - 8 potions of ambrosia
 s - a potion of might
 t - 4 potions of invisibility
 u - 2 potions of cancellation
 v - 9 potions of heal wounds
 x - 3 potions of resistance
 z - 7 potions of magic
 E - 21 potions of curing
 O - 4 potions of berserk rage
 Q - a potion of lignification
 X - 6 potions of haste
Miscellaneous
 r - a phantom mirror (inert)
 W - a condenser vane


   Skills:
 + Level 12.3 Fighting
 - Level 15.7(15.8) Short Blades
 + Level 1.1(6.9) Long Blades
 - Level 2.2(3.0) Maces & Flails
 - Level 3.0(3.3) Staves
 - Level 10.7(12.0) Slings
 - Level 10.0(12.1) Throwing
 + Level 6.7 Armour
 - Level 15.7 Dodging
 - Level 13.1 Stealth
 - Level 5.6 Shields
 + Level 7.1 Spellcasting
 - Level 7.0 Hexes
 - Level 10.6 Summonings
 + Level 6.1 Translocations
 - Level 10.6 Ice Magic
 - Level 11.0 Evocations


You had 16 spell levels left.
You knew the following spells:

 Your Spells              Type           Power      Damage    Failure   Level
a - Blink                 Tloc           N/A        N/A       5%          2
b - Call Canine Familiar  Summ           42%        N/A       1%          3
c - Summon Ice Beast      Ice/Summ       59%        N/A       5%          4
d - Ensorcelled Hibernat  Hex/Ice        100%       N/A       1%          2
e - Tukima's Dance        Hex            29%        N/A       8%          3
f - Portal Projectile     Hex/Tloc       56%        N/A       9%          3

Your spell library contained the following spells:

 Spells                   Type           Power      Damage    Failure   Level
 Freeze                   Ice            100%       1d11      1%          1
 Frozen Ramparts          Ice            100%       1d12      1%          3
 Ozocubu's Armour         Ice            59%        N/A       1%          3
 Corona                   Hex            32%        N/A       2%          1
 Gell's Gravitas          Tloc           13%        N/A       11%         3
 Lesser Beckoning         Tloc           13%        N/A       11%         3
 Teleport Other           Tloc           27%        N/A       11%         3
 Cause Fear               Hex            14%        N/A       26%         4
 Dazzling Flash           Conj/Hex       36%        N/A       32%         3
 Metabolic Englaciation   Hex/Ice        26%        N/A       32%         5
 Foxfire                  Conj/Fire      24%        2x1d5     41%         1
 Sandblast                Erth           12%        2d6       41%         1
 Hailstorm                Conj/Ice       36%        3d9       45%         4
 Ice Form                 Ice/Tmut       36%        N/A       45%         4
 Summon Lightning Spire   Summ/Air       24%        N/A       45%         4
 Corpse Rot               Necr/Air       N/A        N/A       56%         2
 Passwall                 Tmut/Erth      5%         N/A       56%         2
 Poisonous Vapours        Pois/Air       12%        N/A       56%         2
 Manifold Assault         Tloc           27%        N/A       69%         5
 Fulminant Prism          Conj/Hex       9%         3d7       71%         4
 Leda's Liquefaction      Hex/Erth       9%         N/A       71%         4
 Swiftness                Air            6%         N/A       80%         3
 Freezing Cloud           Conj/Ice/Air   13%        6-21      96%         5
 Silence                  Hex/Air        9%         N/A       96%         5
 Invisibility             Hex            14%        N/A       98%         6
 Ozocubu's Refrigeration  Ice            29%        4d10      99%         7
 Agony                    Necr           6%         N/A       100%        5
 Blade Hands              Tmut           3%         N/A       100%        5
 Bolt of Magma            Conj/Fire/Erth 3%         4d5       100%        5
 Excruciating Wounds      Necr           3%         N/A       100%        5
 Irradiate                Conj/Tmut      3%         3d15      100%        5
 Lee's Rapid Deconstruct  Erth           3%         3d6*      100%        5
 Simulacrum               Ice/Necr       18%        N/A       100%        6
 Statue Form              Tmut/Erth      4%         N/A       100%        6
 Dragon Form              Tmut           3%         N/A       100%        7
 Storm Form               Tmut/Air       3%         N/A       100%        7
 Maxwell's Capacitive Co  Air            3%         ∞         100%        8
 Dragon's Call            Summ           21%        N/A       100%        9


Dungeon Overview and Level Annotations

Branches:
Dungeon (15/15)            Temple (1/1) D:5            Lair (6/6) D:9
  Swamp (0/4) Lair:2        Snake (4/4) Lair:4        Slime (0/5) Lair:6
    Orc (2/2) D:10            Elf (3/3) Orc:2        Vaults (1/5) D:14
 Depths (0/5) D:15          Sewer (visited)         Ossuary (visited)
Volcano (visited)         Gauntlet (visited)

Altars:
Ashenzari
Cheibriados
Dithmenos
Elyvilon
Fedhas
Gozag
Hepliaklqana
Kikubaaqudgha
Makhleb
Nemelex Xobeh
Okawaru
Qazlal
Ru
Sif Muna
Trog
Uskayaw
Vehumet
Wu Jian
Xom
Yredelemnul
Zin
The Shining One
Beogh
Jiyva

Shops:
D:2 =   D:5 **   D:9 [[   D:10 *   D:15 !   Orc:2 ?=[[   Elf:2 (   Snake:1 =[
Snake:2 =   Snake:4 *

Annotations:
D:14 3 runed translucent doors, exclusion: 3 doors
Snake:2 2 transporters
Elf:2 3 runed translucent doors, exclusion: 3 doors


Innate Abilities, Weirdness & Mutations

You are small and have problems with some larger weapons.
You are completely attuned to the shadows.


Message History

Your ice beast dies!
Your ice beast disappears in a puff of smoke!
Unknown command.
Casting: Summon Ice Beast (mildly dangerous; 5% risk of failure)
Confirm with . or Enter, or press ? or * to list all spells.
Okay, then.
You're wearing all the rings you can.
Remove which one? (? for menu, Esc to cancel) < or
U - the ring of Yckuson {AC+4 Slay+3} > or
A - the ring of Simouz {rF+ AC+4} You remove the ring of Simouz {rF+ AC+4}.
The ice encasing you melts away.
You feel more attuned to ice.
T - a ring of ice (right hand)
The ironbound frostheart calls freezing cold from the walls.
The frost grips you!! You partially resist.
* * * LOW HITPOINT WARNING * * *
You are encased in ice.
Aiming: Charm
Press: ? - help, Shift-Dir - straight line, f/p - ironbound frostheart
Aim: an ironbound frostheart, wearing a +0 scale mail (chance to affect: 57%)
The ironbound frostheart resists with significant effort.
You block the ironbound frostheart's attack.
Aiming: Charm
Press: ? - help, Shift-Dir - straight line, f/p - ironbound frostheart
Aim: an ironbound frostheart, wearing a +0 scale mail (chance to affect: 57%)
The ironbound frostheart resists with significant effort.
The ironbound frostheart calls freezing cold from the walls.
The frost grips you! You partially resist.
* * * LOW HITPOINT WARNING * * *
Aiming: Charm
Press: ? - help, Shift-Dir - straight line, f/p - ironbound frostheart
Aim: an ironbound frostheart, wearing a +0 scale mail (chance to affect: 57%)
The ironbound frostheart resists with significant effort.
The ice encasing you melts away. The ironbound frostheart touches you!
* * * LOW HITPOINT WARNING * * *
The ironbound frostheart freezes you! You resist.
You die...
Your body crumbles into a pile of gold.

.# ##$# $ ($.
####$###
#..$...+
#'####.#
#§...#
#......##+#p#
#..... #=.#@#
#.... ##.#.#
#...#######+##
#...'........#
#...#.......##
#...#..∩...##
#...#.....##
#...#....#+
#...##


You could see an ironbound frostheart.

Vanquished Creatures
  Vashnia (Snake:3)
  Jorgrun (D:15)
  Agnes (D:15)
  2 nagarajas (Snake:4)
  3 deep elf sorcerers
  A vault warden (Vaults:1)
  Nessos (D:15)
  A deep elf demonologist (Elf:2)
  The ghost of pkoi the Arsonist, a journeyman DrCj of Sif Muna (Lair:2)
  A minotaur (Gauntlet)
  Josephine (D:13)
  3 salamander tyrants
  17 naga warriors
  A catoblepas (Lair:4)
  4 boulder beetles
  10 hydras
  Erica (D:11)
  5 anacondas
  2 vault guards (Vaults:1)
  An ogre mage (D:15)
  7 centaur warriors
  3 two-headed ogres
  A tengu warrior (D:13)
  8 death yaks
  Urug (Lair:6)
  9 shock serpents
  2 orc high priests
  14 naga sharpshooters
  4 deep elf knights
  A titan skeleton (D:15)
  A flayed ghost (D:15)
  5 salamander mystics
  3 skeletal warriors
  5 naga ritualists
  7 deep elf archers
  8 lindwurms
  An orc knight (Orc:1)
  An anaconda skeleton (Volcano)
  7 mana vipers
  10 deep elf zephyrmancers
  A necromancer (D:15)
  Pikel (D:7)
  28 deep elf pyromancers
  8 cyclopes
  4 orc sorcerers (Orc:2)
  4 manticores
  6 ugly things
  A wolf spider (Lair:6)
  25 salamanders
  8 elephants
  7 guardian serpents
  12 naga magi
  26 black mambas
  18 cane toads
  6 centaur zombies
  A fire giant skeleton (D:15)
  6 torpor snails
  8 gargoyles
  A guardian serpent (shapeshifter) (D:15)
  7 rime drakes
  2 spriggan zombies (D:15)
  A freezing wraith (D:15)
  An unseen horror (shapeshifter) (Elf:1)
  2 kobold demonologists (D:12)
  2 tengu conjurers (D:13)
  13 komodo dragons
  A harpy zombie (Gauntlet)
  6 trolls
  A wind drake (shapeshifter) (D:13)
  5 hornets
  3 meliai (D:14)
  21 blink frogs
  16 polar bears
  2 harpy skeletons (Volcano)
  A queen bee (D:14)
  A jumping spider (shapeshifter) (D:14)
  Prince Ribbit (D:8)
  12 dream sheep
  8 slime creatures
  4 raiju (Lair:6)
  A redback (Lair:6)
  2 flying skulls (Volcano)
  6 shadows (Gauntlet)
  A centaur simulacrum (D:13)
  2 air elementals (Elf:1)
  An alligator skeleton (Volcano)
  2 vampires (D:13)
  4 water elementals (D:14)
  6 wraiths
  Eustachio (D:4)
  3 fire elementals
  65 yaks
  2 steam dragons
  5 swamp worms (Lair:5)
  8 wyverns
  2 catoblepas simulacra (Lair:3)
  3 vampire mosquitoes (Lair:2)
  6 basilisks
  10 wargs
  30 nagas
  A hydra simulacrum (Lair:3)
  2 acid dragons
  23 water moccasins
  11 hell hounds (Lair:6)
  2 sky beasts (D:4)
  Purgy (Sewer)
  26 orc warriors
  2 necrophages
  13 black bears
  29 wolves
  9 ogres
  9 centaurs
  2 lemures (D:7)
  A phantom (D:5)
  3 kobold brigands
  5 elf zombies (Ossuary)
  Blork the orc (D:5)
  13 bullfrogs
  An earth elemental (Elf:1)
  3 scorpions
  A wyvern skeleton (D:7)
  14 killer bees (D:14)
  2 electric eels
  2 troll skeletons (Volcano)
  A spriggan skeleton (Volcano)
  A howler monkey (D:8)
  A bullfrog zombie (D:5)
  2 lava snakes (Snake:4)
  6 hounds
  4 human zombies (Ossuary)
  A jelly (D:6)
  Crazy Yiuf (D:2)
  25 orc priests
  A bullfrog skeleton (D:5)
  2 centaur skeletons
  An iguana (D:4)
  Ijyb (D:3)
  29 orc wizards
  2 yak simulacra (Lair:3)
  4 naga skeletons (Volcano)
  A hound skeleton (D:4)
  3 mummies (Ossuary)
  2 howler monkey zombies (D:5)
  A howler monkey skeleton (D:7)
  A gnoll (D:3)
  12 adders
  A river rat (D:3)
  A shadow imp (D:6)
  A white imp (D:6)
  An adder skeleton (D:4)
  3 worms
  2 dart slugs
  102 orcs
  6 bats
  7 endoplasms
  5 giant cockroaches
  5 hobgoblins
  18 jackals
  18 kobolds
  3 quokkas
  7 ball pythons
  2 frilled lizards
  4 goblins
  21 rats
  7 briar patches (Lair:5)
1089 creatures vanquished.

Vanquished Creatures (collateral kills)
  An ironbound preserver (D:14)
  A naga warrior (Snake:4)
  2 salamander tyrants
  A death knight (D:9)
  An anaconda (Snake:4)
  The ghost of ystael the Cleaver, a novice MiFi of Makhleb (D:9)
  A naga sharpshooter (Snake:3)
  A skeletal warrior (D:15)
  A deep elf knight (Elf:2)
  2 salamander mystics
  A deep elf archer (Elf:2)
  2 mana vipers
  A deep elf pyromancer (Elf:2)
  7 salamanders
  A black mamba (Snake:4)
  A guardian serpent (Snake:4)
  A naga (Snake:4)
26 creatures vanquished.

Vanquished Creatures (others)
  2 anacondas (Snake:4)
  18 dancing weapons
  An unseen horror (D:13)
  A blink frog (Lair:6)
  A flying skull (Volcano)
  An ogre (D:7)
  A briar patch (Lair:5)
  47 fungi
  105 plants
  9 withered plants
186 creatures vanquished.

Grand Total: 1301 creatures vanquished

Notes
Turn   | Place    | Note
-------+----------+-------------------------------------------
     0 | D:1      | belegose the Kobold Brigand began the quest for the Orb.
     0 | D:1      | Reached XP level 1. HP: 12/12 MP: 1/1
     7 | D:1      | Noticed a black mamba
     7 | D:1      | Noticed a black bear
     7 | D:1      | Noticed a redback
   234 | D:1      | Reached XP level 2. HP: 15/18 MP: 2/2
   488 | D:1      | Reached XP level 3. HP: 22/22 MP: 3/3
   981 | D:1      | Noticed a six-headed hydra
   982 | D:1      | Noticed a swamp worm
  1206 | D:2      | Reached XP level 4. HP: 27/27 MP: 4/4
  1560 | D:2      | Found a runed translucent door.
  1563 | D:2      | Noticed Crazy Yiuf
  1568 | D:2      | Killed Crazy Yiuf
  1841 | D:2      | Reached XP level 5. HP: 31/32 MP: 5/5
  2077 | D:2      | Found a faded altar of an unknown god.
  2110 | D:2      | Found Jaotibru's Jewellery Shoppe.
  2576 | D:3      | Found a glowing drain.
  2578 | D:3      | Reached XP level 6. HP: 27/37 MP: 6/6
  2581 | Sewer    | Entered a sewer
  2845 | Sewer    | Noticed Purgy
  2854 | Sewer    | Killed Purgy
  3492 | D:3      | Noticed Ijyb
  3503 | D:3      | Killed Ijyb
  3504 | D:3      | Reached XP level 7. HP: 18/42 MP: 7/7
  3768 | D:3      | Reached skill level 5 in Short Blades
  3965 | D:4      | Identified the ring of Simouz {rF+ AC+4}
  4149 | D:4      | Reached skill level 1 in Evocations
  4580 | D:4      | Found an opulent altar of Gozag.
  5074 | D:4      | Reached XP level 8. HP: 48/48 MP: 8/8
  5164 | D:5      | Entered Level 5 of the Dungeon
  5481 | D:5      | Noticed Blork the orc
  5497 | D:5      | Killed Blork the orc
  5498 | D:5      | Reached skill level 5 in Fighting
  5498 | D:5      | Reached skill level 5 in Throwing
  5554 | D:5      | Found Deehuy's Specific Store.
  5555 | D:5      | Found Dynosijy's General Store.
  5558 | D:5      | Reached skill level 5 in Dodging
  5730 | D:5      | Found a staircase to the Ecumenical Temple.
  5768 | D:5      | Noticed Eustachio
  5831 | Temple   | Entered the Ecumenical Temple
  6198 | D:4      | Became a worshipper of Gozag Ym Sagoz the Greedy
  6456 | D:4      | Killed Eustachio
  6457 | D:4      | Reached XP level 9. HP: 54/54 MP: 9/9
  7965 | D:6      | Reached skill level 5 in Evocations
  8091 | D:7      | Reached XP level 10. HP: 60/60 MP: 10/10
  8137 | D:7      | Reached skill level 1 in Staves
  8371 | D:7      | Found a sand-covered staircase.
  8376 | Ossuary  | Entered an ossuary
  8623 | Ossuary  | Reached skill level 10 in Stealth
  9773 | D:8      | Noticed a cyclops
  9964 | D:8      | Noticed Pikel
  9982 | D:7      | Killed Pikel
 10011 | D:8      | Noticed Prince Ribbit
 10015 | D:8      | Killed Prince Ribbit
 10196 | D:8      | Killed a cyclops
 10197 | D:8      | Reached XP level 11. HP: 67/67 MP: 11/11
 10652 | D:8      | Reached skill level 1 in Shields
 10948 | D:8      | Reached skill level 1 in Maces & Flails
 11415 | D:9      | Found a staircase to the Lair.
 11632 | D:9      | Found a runed translucent door.
 11633 | D:9      | Noticed a death knight
 11634 | D:9      | Noticed ystael's ghost (novice MiFi)
 12060 | D:10     | Entered Level 10 of the Dungeon
 12255 | D:10     | Found Suejinor's Assorted Antiques.
 12574 | D:10     | Found a staircase to the Orcish Mines.
 14079 | D:11     | Noticed a red ugly thing
 14346 | D:11     | Noticed a cyclops
 14348 | D:11     | Killed a cyclops
 14473 | D:11     | Noticed Erica
 14477 | D:11     | Killed Erica
 14478 | D:11     | Reached skill level 10 in Short Blades
 14478 | D:11     | Reached XP level 12. HP: 75/75 MP: 12/12
 14520 | D:11     | Noticed a boulder beetle
 14534 | D:11     | Killed a boulder beetle
 14764 | Orc:1    | Entered Level 1 of the Orcish Mines
 14836 | D:10     | Bought a shiny ivory ring for 105 gold pieces
 14839 | D:10     | Bought a shiny ring mail for 147 gold pieces
 14839 | D:10     | Bought an emerald potion for 18 gold pieces
 15009 | D:2      | Bought a ring of see invisible for 165 gold pieces
 15206 | Orc:1    | Found a burning altar of Makhleb.
 15682 | Orc:2    | Entered Level 2 of the Orcish Mines
 16293 | Orc:2    | Found a staircase to the Elven Halls.
 17514 | Orc:2    | Noticed an orc high priest
 17561 | Orc:1    | Noticed a soul eater
 17564 | Orc:1    | Killed an orc high priest
 18311 | Orc:2    | Found Kyic Lek's Armour Shoppe.
 18313 | Orc:2    | Found Judip's Antique Armour Shoppe.
 18315 | Orc:2    | Found Heth's Magic Scroll Emporium.
 18329 | Orc:2    | Found Kujisch's Jewellery Emporium.
 18612 | Orc:2    | Bought a scroll of identify for 24 gold pieces
 18612 | Orc:2    | Bought a scroll of noise for 12 gold pieces
 18612 | Orc:2    | Bought a scroll of fear for 42 gold pieces
 18612 | Orc:2    | Bought a scroll of blinking for 90 gold pieces
 18614 | Orc:2    | Bought a scroll of teleportation for 36 gold pieces
 18623 | Orc:2    | Bought the +0 mask of the Dragon {Will+ Slay+3 SInv} for
                  | 1135 gold pieces
 18623 | Orc:2    | Found the +0 mask of the Dragon {Will+ Slay+3 SInv}
 18643 | Orc:2    | Bought a pair of embroidered boots for 255 gold pieces
 18643 | Orc:2    | Bought a glowing cloak for 255 gold pieces
 18663 | Orc:2    | Bought a +2 pair of gloves of archery for 236 gold pieces
 18682 | Orc:2    | Bought a scroll of brand weapon for 240 gold pieces
 18684 | Orc:2    | Bought a ring of resist corrosion for 260 gold pieces
 18690 | Orc:2    | Identified a scroll of acquirement
 18690 | Orc:2    | Acquired the +2 buckler of Defence {rN+ Dex+5}
 18847 | Orc:2    | Bought a scarf of repulsion for 132 gold pieces
 19862 | D:12     | Reached XP level 13. HP: 81/81 MP: 13/13
 20096 | D:12     | Found a gate leading to a gauntlet.
 20102 | Gauntlet | Entered a Gauntlet
 20102 | Gauntlet | Found a transporter.
 20114 | Gauntlet | Found a transporter.
 20151 | Gauntlet | Found a transporter.
 20193 | Gauntlet | Found a transporter.
 20206 | Gauntlet | Found a transporter.
 20241 | Gauntlet | Found a transporter.
 20269 | Gauntlet | Found a transporter.
 20269 | Gauntlet | Found a transporter.
 20276 | Gauntlet | Found a transporter.
 20276 | Gauntlet | Found a transporter.
 20332 | Gauntlet | Found a transporter.
 20332 | Gauntlet | Found a transporter.
 20484 | Gauntlet | Identified the +2 cloak of Day {Harm Int+4}
 20575 | Gauntlet | Identified the amulet of Giplasir {Acrobat rC+ Int+2}
 20697 | Gauntlet | Noticed a minotaur
 20718 | Gauntlet | Killed a minotaur
 20719 | Gauntlet | Reached skill level 10 in Fighting
 20719 | Gauntlet | Reached skill level 10 in Throwing
 20719 | Gauntlet | Reached skill level 5 in Shields
 21062 | D:12     | Reached skill level 10 in Evocations
 21133 | D:12     | Noticed a boulder beetle
 21136 | D:12     | Killed a boulder beetle
 22361 | D:13     | Noticed Josephine
 22362 | D:13     | Killed Josephine
 22363 | D:13     | Reached skill level 1 in Armour
 22657 | D:13     | You fall into a shaft and drop 2 floors!
 22657 | D:15     | Entered Level 15 of the Dungeon
 22992 | D:13     | Learned a level 2 spell: Blink
 23475 | D:13     | Noticed a centaur warrior
 23477 | D:13     | Noticed a centaur warrior
 23477 | D:13     | Noticed a centaur warrior
 23970 | D:12     | Killed a centaur warrior
 24086 | D:13     | Killed a centaur warrior
 24099 | D:13     | Killed a centaur warrior
 24100 | D:13     | Reached XP level 14. HP: 38/88 MP: 14/14
 24537 | D:13     | Identified the +5 great mace "Veri" {speed, Dex+5 SInv
                  | Stlth-}
 24537 | D:13     | Identified the ring "Ereisi" {rF+ Dex+8}
 25076 | D:13     | Identified the +1 quarterstaff "Luiveoz" {protect, +Blink}
 25120 | D:13     | Reached skill level 1 in Spellcasting
 25120 | D:13     | Reached skill level 1 in Translocations
 25851 | D:14     | Found a gate to the Vaults.
 25958 | D:14     | Reached skill level 10 in Dodging
 26603 | D:14     | Identified the +1 scale mail of Irootzuloo {rPois rF+++ rC-
                  | Stlth-}
 26614 | D:14     | Found a runed translucent gate.
 26615 | D:14     | Found a runed translucent gate.
 26615 | D:14     | Noticed a quicksilver ooze
 26616 | D:14     | Found a runed translucent gate.
 26754 | D:14     | Found a hide-covered altar of Uskayaw.
 27167 | D:15     | Noticed Nessos
 27171 | D:15     | Killed Nessos
 27504 | D:15     | Found Kuelu's Distillery.
 27508 | D:15     | Bought a potion of heal wounds for 50 gold pieces
 27508 | D:15     | Bought a potion of invisibility for 80 gold pieces
 27508 | D:15     | Bought a potion of might for 40 gold pieces
 27824 | D:15     | Reached skill level 5 in Spellcasting
 27824 | D:15     | Reached skill level 5 in Translocations
 27953 | D:15     | Reached XP level 15. HP: 88/93 MP: 22/22
 28576 | Lair:1   | Entered Level 1 of the Lair of Beasts
 29635 | Lair:2   | Found a staircase to the Swamp.
 29822 | Lair:2   | Learned a level 3 spell: Call Canine Familiar
 29973 | Lair:2   | Reached skill level 1 in Summonings
 30835 | Lair:3   | Found a runed translucent gate.
 30835 | Lair:3   | Found a runed translucent gate.
 30835 | Lair:3   | Found a runed translucent gate.
 31051 | Lair:3   | Identified the +6 hunting sling of Voizeet {vorpal, rElec
                  | Will+ Stlth+}
 31115 | Lair:3   | Identified the +10 quarterstaff "Beky" {spect, *Noise rCorr
                  | Int+5 Dex+3}
 32741 | Lair:3   | Reached skill level 1 in Slings
 33213 | Lair:4   | Found an ornate altar of the Wu Jian Council.
 33214 | Lair:4   | Found a hide-covered altar of Uskayaw.
 33534 | Lair:4   | Found a staircase to the Snake Pit.
 34482 | Lair:5   | Reached skill level 5 in Summonings
 34828 | Lair:5   | Found a transporter.
 34861 | Lair:5   | Found a transporter.
 35479 | Lair:6   | Entered Level 6 of the Lair of Beasts
 35495 | Lair:6   | Found a dark tunnel.
 35509 | Volcano  | Entered a volcano
 35667 | Volcano  | Reached XP level 16. HP: 84/99 MP: 25/25
 36174 | Lair:6   | Reached skill level 5 in Slings
 36728 | Lair:6   | Noticed Urug
 36757 | Lair:6   | Killed Urug
 38741 | Lair:6   | Found a viscous altar of Jiyva.
 38741 | Lair:6   | Found a staircase to the Slime Pits.
 38909 | Lair:6   | Reached skill level 15 in Dodging
 40070 | Lair:6   | Reached XP level 17. HP: 94/103 MP: 26/26
 40587 | Lair:6   | Learned a level 4 spell: Summon Ice Beast
 41024 | Lair:6   | Reached skill level 1 in Ice Magic
 41036 | Lair:6   | Identified the +10 quarterstaff of Faustag {holy, rPois rF+
                  | Int-5 SInv}
 41297 | Elf:1    | Entered Level 1 of the Elven Halls
 41849 | Elf:1    | Reached skill level 10 in Slings
 42089 | Elf:1    | Paralysed by an air elemental for 1 turns
 42842 | Elf:1    | Reached skill level 5 in Ice Magic
 43230 | Elf:1    | Got Wileur's Catalogue of Attacks
 43383 | Elf:3    | Entered Level 3 of the Elven Halls
 44145 | Elf:2    | Found Duk Buos's Weapon Emporium.
 44893 | Elf:2    | Reached XP level 18. HP: 68/108 MP: 27/27
 45311 | Elf:2    | Found a runed translucent gate.
 45312 | Elf:2    | Found a runed translucent gate.
 45312 | Elf:2    | Found a runed translucent gate.
 45599 | Orc:2    | Bought the ring of Yckuson {AC+4 Slay+3} for 722 gold
                  | pieces
 45789 | D:15     | Bought a potion of curing for 30 gold pieces
 45789 | D:15     | Bought 3 potions of curing for 90 gold pieces
 45789 | D:15     | Bought a potion of curing for 30 gold pieces
 45789 | D:15     | Bought a potion of curing for 30 gold pieces
 46042 | D:15     | Found a staircase to the Depths.
 46270 | D:15     | Noticed Jorgrun
 46271 | D:15     | Noticed Agnes
 46272 | D:15     | Killed Jorgrun
 46273 | D:15     | Killed Agnes
 46504 | D:9      | Killed ystael's ghost
 46938 | Lair:3   | Noticed pkoi's ghost (journeyman DrCj)
 47021 | Lair:2   | Killed pkoi's ghost
 47332 | Lair:3   | Got the ring "Qeckoaji" {Fire rElec Str+4 Int+2}
 48846 | Lair:5   | Identified the ring of Mobophuf {Wiz Dex+3}
 48958 | D:9      | Bought the +1 scale mail of Compression {rElec rPois} for
                  | 326 gold pieces
 49076 | Snake:1  | Entered Level 1 of the Snake Pit
 49398 | Snake:1  | Identified the ring "Eliotul" {Wiz *Corrode Will+ Int+4}
 49542 | Snake:1  | Found Dajose's Antique Armour Emporium.
 49547 | Snake:1  | Bought a runed scarf for 280 gold pieces
 49560 | Snake:1  | Found Ingau's Jewellery Shoppe.
 49608 | Snake:1  | Found an iron altar of Okawaru.
 50042 | Snake:2  | Identified the +10 spear of War {vorpal, rF- Int+7}
 50071 | Snake:2  | Reached skill level 5 in Armour
 50432 | Snake:2  | Found a transporter.
 50477 | Snake:2  | Found Fukuoraj's Jewellery Shop.
 51378 | Snake:2  | HP: 2/111 [constriction (5)]
 51763 | Snake:2  | Found a transporter.
 53436 | Snake:3  | Noticed Vashnia
 53437 | Snake:3  | Reached XP level 19. HP: 116/116 MP: 28/28
 53523 | Snake:3  | Reached skill level 10 in Summonings
 53523 | Snake:3  | Reached skill level 10 in Ice Magic
 53584 | Snake:3  | Killed Vashnia
 54333 | Snake:4  | Entered Level 4 of the Snake Pit
 55041 | Snake:4  | Found Poas's Overcharged Wands.
 55045 | Snake:4  | Bought a wand of acid (25) for 986 gold pieces
 55045 | Snake:4  | Bought a wand of acid (25) for 986 gold pieces
 55045 | Snake:4  | Bought a wand of iceblast (25) for 493 gold pieces
 55449 | Snake:3  | Learned a level 2 spell: Ensorcelled Hibernation
 55539 | Snake:4  | Reached skill level 1 in Hexes
 57004 | Snake:4  | Reached skill level 5 in Hexes
 58887 | Snake:4  | Reached skill level 15 in Short Blades
 61133 | Snake:4  | Got a serpentine rune of Zot
 61359 | Lair:4   | Learned a level 3 spell: Tukima's Dance
 61363 | Lair:4   | Learned a level 3 spell: Portal Projectile
 61571 | Vaults:1 | Entered Level 1 of the Vaults
 61638 | D:14     | Reached XP level 20. HP: 114/122 MP: 22/30
 61709 | Vaults:1 | Reached skill level 1 in Long Blades
 61721 | Vaults:1 | HP: 1/122 [ironbound frostheart[a vault warden] (13)]
 61721 | Vaults:1 | Mangled by an ironbound frostheart

Illustrated notes

Levels and vault maps discovered:
D:1:      onia_arrival_zoo_common, layout_basic, minmay_rat_gold_closets
D:2:      layout_basic, serial_shops, shop,
          ebering_ecumenical_altar_sacrificial, uniq_crazy_yiuf_cottage
D:3:      layout_loops_ring, gup_sewer_entry_spiral, grunt_decor_one_mirror,
          st_stairs_7, cheibrodos_gnoll_hut, uniq_ijyb
D:4:      layout_basic, kennysheep_little_box
D:5:      layout_rooms, temple_pool_b, abandoned_shop, minmay_misc_feat_doors,
          minmay_holes, nicolae_specific_store, uniq_eustachio,
          uniq_blork_the_orc
D:6:      layout_basic, moated_statue, corexii_corridor_pit
D:7:      layout_loops_ring, enter_ossuary_5, lemuel_old_faithful
D:8:      layout_rooms, special_room [special_room_orc], uniq_pikel,
          uniq_prince_ribbit1
D:9:      layout_rooms, lair_entry_dummy, ebering_ghost_inner_flame
D:10:     layout_basic, hiddenorc2_lemuel, serial_curves, eino_curves_02,
          eino_curves_04, serial_shops, shop
D:11:     layout_irregular_city, st_stairs_14, kennysheep_minor_cross,
          grunt_ministairs_15, uniq_erica
D:12:     layout_stronghold, gauntlet_entry_generic
D:13:     minmay_the_grid_octo_tiled_octocenter_mashed
          [minmay_the_grid_octo_checkerflower,
          minmay_the_grid_octo_tetromino_candy, minmay_the_grid_octo_chip,
          minmay_the_grid_octo_clover_2, minmay_the_grid_octo_prize_big_c,
          minmay_the_grid_square_5x5_three_walls,
          minmay_the_grid_square_5x5_inner_v, minmay_the_grid_square_5x5_comb,
          minmay_the_grid_square_5x5_tetrominoes], layout_cave_pools,
          serial_rivers, chequers_serial_rivers_micro_b,
          chequers_serial_rivers_small_3, chequers_serial_rivers_micro_d,
          chequers_serial_rivers_marsh, chequers_serial_rivers_large_a,
          uniq_josephine
D:14:     layout_basic, erik_vaults_1, gammafunk_ghost_ooze,
          nicolae_uskayaw_en_pointe, minivault_7
D:15:     gammafunk_depths_entry_grave, layout_basic, serial_shops, shop,
          chequers_arboretum, amcnicky_mini_rare_corridor_liquid, uniq_jorgrun,
          uniq_nessos, uniq_agnes
Temple:   nicolae_temple_the_god_donut
Lair:1:   layout_hall_layers, nicolae_quartered_pool_super, st_stairs_11
Lair:2:   layout_cave_pods, minmay_swamp_entry_swarm
Lair:3:   layout_roguey, gammafunk_ghost_icy
Lair:4:   layout_regular_city, minmay_snake_entry_guardpost_small,
          columned_hall_lemuel, nzn_masters_of_martial_movement,
          lemuel_fruit_fields, lemuel_fruit_tree
Lair:5:   gammafunk_worm_tunnel, layout_cave_pods, st_stairs_10,
          beast_lair_carwin_7
Lair:6:   hangedman_lair_caniforms_friends, layout_cellular_growth,
          hangedman_lair_tendril_chambers, dpeg_slime_entry_enclosed_altar,
          lightli_volcano_entry_magma_tube, uniq_urug
Snake:1:  layout_misc_corridors, basic_altar, minmay_shoptagon
Snake:2:  gammafunk_its_a_trap, layout_concentric_octagons,
          minmay_shop_enchanted_jewellery
Snake:3:  layout_layer_cave, uniq_vashnia
Snake:4:  snake_pit_salamanders_mu, layout_basic, nicolae_shop_overcharged_wands
Orc:1:    layout_diamond_mine, basic_altar
Orc:2:    st_orc_mages, layout_caves
Elf:1:    eino_elf_arrival_customs, layout_loops_corners, minmay_elf_sorcery,
          grunt_ministairs_1
Elf:2:    nicolae_elf_blades_crystal_corner, layout_onion_city, serial_shops,
          nicolae_shop_temple_entry_statues_fountains, grunt_ministairs_15
Elf:3:    minmay_elf_hall_spiked, layout_loops_ring
Vaults:1: nicolae_vaults_big_ls, grunt_vaults_diagonal,
          hangedman_vaults_restitches, nicolae_vaults_angled_halls,
          v_alt_pattern_4, ontoclasm_vaults_chip, grunt_vaults_hallway_short,
          v_misc_23, layout_vaults_omnigrid

Skill      XL: |  1  2  3  4  5  6  7  8  9 10 11 12 13 14 15 16 17 18 19 20 |
---------------+-------------------------------------------------------------+-----
Short Blades   | 3 4 5 6 7 10 12 14 15 | 15.7
Dodging        | 2 3 4 5 6 7 8 11 13 15 | 15.7
Throwing       | 3 4 5 6 7 8 9 10 | 10.0
Fighting       | 3 4 5 6 7 8 9 10 11 12 | 12.3
Stealth        | 6 7 8 9 10 11 12 13 | 13.1
Evocations     | 1 3 5 6 8 9 11 | 11.0
Staves         | 3 |  3.0
Shields        | 3 4 5 |  5.6
Maces & Flails | 2 |  2.2
Armour         | 3 4 6 |  6.7
Spellcasting   | 5 6 7 |  7.1
Translocations | 5 6 |  6.1
Summonings     | 5 6 7 9 10 | 10.6
Slings         | 4 9 10 | 10.7
Ice Magic      | 7 9 10 | 10.6
Hexes          | 7 |  7.0
Long Blades    | 1 |  1.1

Action                   |  1- 3 |  4- 6 |  7- 9 | 10-12 | 13-15 | 16-18 | 19-21 || total
-------------------------+-------+-------+-------+-------+-------+-------+-------++-------
Melee: Dagger            |    68 |    68 |   149 |   811 |   405 |   471 |   133 ||  2105
       Quarterstaff      |       |    53 |    96 |   152 |       |       |       ||   301
       Whip              |       |       |       |   193 |       |       |       ||   193
       Scimitar          |       |       |       |    62 |   539 |  1095 |   312 ||  2008
 Fire: Hunting sling     |       |       |       |       |    26 |   142 |   152 ||   320
Throw: Dart              |     5 |     3 |    22 |    50 |    32 |    55 |    11 ||   178
       Boomerang         |       |       |       |     9 |     2 |    15 |    28 ||    54
 Cast: Summon Ice Beast  |       |       |       |       |       |    27 |    48 ||    75
       Call Canine Famil |       |       |       |       |       |    21 |    15 ||    36
       Ensorcelled Hiber |       |       |       |       |       |       |     6 ||     6
Invok: Call Merchant     |       |       |       |       |       |     2 |       ||     2
Evoke: Wand              |       |       |     3 |     8 |    11 |    42 |    36 ||   100
       Condenser vane    |       |       |       |       |     1 |       |       ||     1
       Phantom mirror    |       |       |       |       |       |       |     1 ||     1
  Use: Scroll            |       |       |       |    16 |    12 |     2 |       ||    30
       Potion            |       |       |       |       |     1 |     5 |     1 ||     7
 Stab: Sleeping          |    31 |    25 |    31 |    45 |    98 |    73 |    18 ||   321
       Distracted        |       |       |     1 |    16 |    17 |    42 |     7 ||    83
       Paralysed         |       |       |       |     2 |     1 |     2 |       ||     5
       Confused          |       |       |       |     1 |       |       |       ||     1
       Petrifying        |       |       |       |     1 |       |       |       ||     1
       Petrified         |       |       |       |     1 |       |       |       ||     1
Armor: Robe              |     7 |    10 |    45 |    58 |       |       |       ||   120
       Leather armour    |       |       |       |    49 |       |       |       ||    49
       Ring mail         |       |       |       |    64 |   207 |   215 |       ||   486
       Scale mail        |       |       |       |       |       |    41 |    81 ||   122
Dodge: Dodged            |    27 |    68 |   197 |   567 |   581 |  1155 |   370 ||  2965
       Repelled          |       |       |       |       |     1 |     8 |    22 ||    31
Block: Buckler           |       |       |       |   147 |   372 |   766 |   187 ||  1472
       Rpst.: Scimitar   |       |       |       |    10 |    81 |   250 |    59 ||   400
